 Dungeon Crawl Stone Soup version 0.25-a0-1133-g93ebf73 (webtiles) character file.

Game seed: 16654624365835159379, levelgen mode: deterministic

463 robertstho the Shield-Bearer (level 7, 0/54 HPs)
             Began as a Formicid Fighter on May 21, 2020.
             Slain by Menkaure (11 damage)
             ... on level 5 of the Dungeon.
             The game lasted 00:03:55 (2772 turns).

robertstho the Shield-Bearer (Formicid Fighter)     Turns: 2772, Time: 00:03:56

Health: 0/54       AC:  8    Str: 22    XL:     7   Next: 29%
Magic:  7/7        EV:  7    Int:  8    God:
Gold:   151        SH: 20    Dex: 10    Spells: 6/6 levels left

rFire    . . .     SeeInvis +   a - +0 trident
rCold    . . .     Gourm    .   p - +0 tower shield (curse)
rNeg     . . .     Faith    .   b - +0 scale mail
rPois    .         Spirit   .   (helmet unavailable)
rElec    .         Reflect  +   (no cloak)
rCorr    .         Harm     .   (no gloves)
MR       .....                  l - +0 pair of boots
Stlth    ..........             n - amulet of reflection
HPRegen  0.18/turn              (no ring)
MPRegen  0.10/turn              (no ring)

@: no status effects
A: permanent stasis, dig shafts and tunnels, four strong arms, antennae 3
a: Dig, Shaft Self


You were on level 5 of the Dungeon.
You were not hungry.

You visited 1 branch of the dungeon, and saw 5 of its levels.

You collected 151 gold pieces.

Inventory:

Hand Weapons
 a - a +0 trident (weapon)
Armour
 b - a +0 scale mail (worn)
 l - a +0 pair of boots (worn)
 p - a cursed +0 tower shield (worn)
Jewellery
 n - an amulet of reflection (around neck)
 t - an uncursed ring of ice {unknown}
Wands
 k - a wand of clouds (6)
Scrolls
 c - a scroll of enchant armour {unknown}
 d - 3 scrolls of remove curse {unknown}
 e - 3 scrolls of fog {unknown}
 g - 4 scrolls of identify {unknown}
 i - 2 scrolls of noise {unknown}
 j - a scroll of enchant weapon {unknown}
 q - a scroll of amnesia {unknown}
Potions
 h - a potion of haste
 m - a potion of might
 o - 2 potions of curing {unknown}
 s - 2 potions of resistance {unknown}
 u - a potion of mutation {unknown}
Comestibles
 f - 7 rations
 r - 5 chunks of flesh


   Skills:
 + Level 4.2 Fighting
 + Level 4.2 Polearms
 + Level 4.7 Armour
 + Level 1.4 Dodging
 + Level 6.1 Shields


You had 6 spell levels left.
You didn't know any spells.
Your spell library was empty.

Dungeon Overview and Level Annotations

Branches:
Dungeon (5/15)
 Temple: D:4-7

Altars:
Cheibriados
Elyvilon
Kikubaaqudgha

Annotations:
D:5 Menkaure


Innate Abilities, Weirdness & Mutations

You cannot be hasted, slowed, berserked, paralysed or teleported.
You can dig through walls and to a lower floor.
Your four strong arms can wield two-handed weapons with a shield.
You have a pair of large antennae on your head. (SInv)


Message History

You are no longer poisoned.
Menkaure casts a spell at you.
You struggle to resist.
Menkaure calls on the powers of darkness!
Your body is wracked with pain!
The orc convulses! x2
The orc wizard convulses!
You hit Menkaure.
Menkaure is severely damaged.
Menkaure calls on the powers of darkness!
Your body is wracked with pain!
* * * LOW HITPOINT WARNING * * *
The orc convulses! x2; Menkaure hits you but does no damage.
You hit Menkaure but do no damage.
Menkaure is severely damaged.
You block Menkaure's attack.
Unknown command.
It was a potion of haste.
Your stasis prevents you from being hasted.
Menkaure hits you!
You die...

#... ... ###.[. ..
.......####.#
........##.. .
#......##.# # # ..
#........# .#..
#..#........# ...##
..........oo###.....#
#.......#oM@..#
##.....#####.##
#..#..# ..# #.. ##.##
..# .. #o.# #.. .
##.## ... ..# ##o.##
..## ....###.o.?# .##
...........##.#


You could see Menkaure (fast), an orc wizard (fast) and 2 orcs.

Vanquished Creatures
  Sigmund (D:3)
  An orc priest (D:4)
  A hound (D:4)
  An orc wizard (D:4)
  4 worker ants
  4 adders
  2 river rats (D:4)
  2 oozes (D:2)
  4 dart slugs
  4 leopard geckos
  8 orcs
  5 bats
  2 giant cockroaches (D:4)
  4 goblins
  2 hobgoblins (D:1)
  2 jackals (D:3)
  A frilled lizard (D:2)
  5 kobolds
  7 rats
60 creatures vanquished.

Notes
Turn   | Place    | Note
-------+----------+-------------------------------------------
     0 | D:1      | robertstho the Formicid Fighter began the quest for the
                  | Orb.
     0 | D:1      | Reached XP level 1. HP: 18/18 MP: 1/1
    85 | D:1      | Reached XP level 2. HP: 11/24 MP: 2/2
   424 | D:1      | Reached skill level 4 in Shields
   679 | D:1      | Reached XP level 3. HP: 30/30 MP: 3/3
  1449 | D:3      | Noticed Sigmund
  1460 | D:3      | Killed Sigmund
  1460 | D:3      | Reached XP level 4. HP: 24/37 MP: 4/4
  1460 | D:3      | Reached XP level 5. HP: 27/42 MP: 5/5
  1460 | D:3      | Reached XP level 6. HP: 31/48 MP: 6/6
  1726 | D:3      | You fall into a shaft and drop 1 floor!
  1743 | D:4      | Found a snail-covered altar of Cheibriados.
  1747 | D:4      | Found an ancient bone altar of Kikubaaqudgha.
  1779 | D:4      | Reached skill level 5 in Shields
  2110 | D:4      | Reached skill level 1 in Dodging
  2183 | D:4      | Reached XP level 7. HP: 41/54 MP: 7/7
  2388 | D:4      | Found a white marble altar of Elyvilon.
  2570 | D:4      | Reached skill level 6 in Shields
  2734 | D:5      | Entered Level 5 of the Dungeon
  2737 | D:5      | Noticed Menkaure
  2772 | D:5      | Slain by Menkaure

Illustrated notes

Levels and vault maps discovered:
D:1:      dpeg_arrival_refuge, layout_loops_ring
D:2:      layout_rooms, first_ration, serial_park_tiny_1, supply_closet_lemuel
D:3:      layout_rooms, grunt_ministairs_1, uniq_sigmund
D:4:      layout_rooms, old_standard_altar, kiku_gazebo_garden_becter,
          cheibriados_altar_1, portal_sewer_entry_e,
          chequers_serial_rivers_micro_d
D:5:      layout_layer_cave, serial_shops, shop_statue, kennysheep_donut,
          uniq_eustachio, uniq_ijyb, uniq_menkaure

Skill      XL: |  1  2  3  4  5  6  7 |
---------------+----------------------+-----
Shields        | 4 5 6 |  6.1
Fighting       | 4 |  4.2
Polearms       | 3 4 |  4.2
Armour         | 4 |  4.7
Dodging        | 1 |  1.4

Action                   |  1- 3 |  4- 6 |  7- 9 || total
-------------------------+-------+-------+-------++-------
Melee: Trident           |    98 |   131 |    55 ||   284
  Use: Potion            |     1 |       |     1 ||     2
  Eat: Chunk             |     1 |     3 |     2 ||     6
Armor: Scale mail        |    41 |    39 |     8 ||    88
Dodge: Dodged            |    24 |    17 |     6 ||    47
Block: Kite shield       |    49 |       |       ||    49
       Tower shield      |       |   141 |    49 ||   190

Table legend:
 A = Non-vault XP
 B = Vault XP
 C = Vault XP percentage of total XP
 D = Non-vault monster count
 E = Vault monster count
 F = Vault count percentage of total count
                 A         B        C        D         E       F
            +---------+---------+-------+---------+---------+-------
      Total |     381 |     281 |  42.4 |      50 |      10 |  16.7
            +---------+---------+-------+---------+---------+-------
        D:1 |      37 |       0 |   0.0 |      19 |       0 |   0.0
        D:2 |      17 |       0 |   0.0 |       6 |       0 |   0.0
        D:3 |      13 |     236 |  94.8 |       5 |       2 |  28.6
        D:4 |     274 |      45 |  14.1 |      17 |       8 |  32.0
        D:5 |      40 |       0 |   0.0 |       3 |       0 |   0.0
            +---------+---------+-------+---------+---------+-------
